 Dungeon Crawl Stone Soup version 0.21.1-72-gffa868e0fe (webtiles) character file.

385 Raybro228 the Insei (level 6, -2/37 HPs)
             Began as a Gargoyle Monk on Aug 3, 2018.
             Slain by Snailtan's ghost (5 damage)
             ... on level 4 of the Dungeon.
             The game lasted 00:17:45 (3812 turns).

Raybro228 the Insei (Gargoyle Monk)                 Turns: 3812, Time: 00:17:46

Health: -2/37      AC:  7    Str: 14    XL:     6   Next: 77%
Magic:  6/6        EV: 13    Int: 11    God:
Gold:   239        SH:  0    Dex: 14    Spells: 5/5 levels left

rFire    . . .     SeeInvis .     - Unarmed
rCold    . . .     Gourm    .   (no shield)
rNeg     + . .     Faith    .   a - +0 robe
rPois    ∞         Spirit   .   (no helmet)
rElec    +         Reflect  .   (no cloak)
rCorr    .         Harm     .   l - +0 pair of gloves
MR       .....                  (no boots)
Stlth    ++........             j - amulet of regeneration
HPRegen  0.52/turn              (no ring)
MPRegen  0.10/turn              (no ring)

@: no status effects
A: negative energy resistance 1, electricity resistance, unbreathing,
petrification resistance, rot immunity, AC +4
a: no special abilities


You were on level 4 of the Dungeon.
You were hungry.

You visited 1 branch of the dungeon, and saw 4 of its levels.

You collected 239 gold pieces.

Inventory:

Hand Weapons
 m - a +0 dagger
Armour
 a - a +0 robe (worn)
 l - a +0 pair of gloves (worn)
Jewellery
 j - an amulet of regeneration (around neck)
Scrolls
 d - 3 scrolls of identify
 g - 6 scrolls of remove curse
 i - a scroll of enchant weapon {unknown}
 o - 3 scrolls of teleportation {unknown}
 r - 2 scrolls of enchant armour {unknown}
 s - a scroll of blinking {unknown}
Potions
 c - a potion of flight {unknown}
 e - 2 potions of ambrosia
 f - 3 potions of heal wounds
 h - a potion of resistance {unknown}
 k - a potion of agility {unknown}
 n - 4 potions of haste {unknown}
 p - a potion of lignification {unknown}
 q - a potion of curing {unknown}
 t - a potion of mutation {unknown}
Comestibles
 b - 3 rations


   Skills:
 - Level 3.3 Fighting
 - Level 2.8 Dodging
 - Level 2.2 Stealth
 + Level 7.1 Unarmed Combat


You had 5 spell levels left.
You didn't know any spells.

Dungeon Overview and Level Annotations

Branches:
Dungeon (4/15)
 Temple: D:4-7

Altars:
Yredelemnul

Annotations:
D:3 Osmon's ghost, amateur MiBe
D:4 Snailtan's ghost, amateur GrFi


Innate Abilities, Weirdness & Mutations

You are resistant to torment.
Your stone body is resilient. (AC +4)
You are immune to poison.
You resist negative energy. (rN+)
You are resistant to electric shocks. (rElec)
You can survive without breathing.
You are immune to petrification.
You are immune to rotting.


Message History

Unknown command.
Unknown command.
Unknown command.
Unknown command.
Unknown command.
Unknown command.
Unknown command.
Unknown command.
You hit Snailtan's ghost but do no damage.
Snailtan's ghost is severely damaged.
Snailtan's ghost hits you!
* * * LOW HITPOINT WARNING * * *
Unknown command.
Unknown command.
Unknown command.
Unknown command.
You hit Snailtan's ghost but do no damage.
Snailtan's ghost is severely damaged.
Snailtan's ghost hits you.
You die...

#....# ##'## # #...#.#
#.##.# #<# ###.#.#
#.##.#########.#####.###.#.#
.....##.#.........##.......#
#.####.#..###...#.######.###
#.###.###.#.......# #.#
#.##.## #.......#.# #$#
#.#.#####.#.....#.######.#
#.))...(#.......@W.......#
#####.#.........#.########
##.#..#######.# ##.#... ..#
####### ####


You could see Snailtan's ghost.

Vanquished Creatures
  Grinder (D:3)
  An orc wizard (D:3)
  A hound zombie (D:4)
  A gnoll (D:1)
  6 adders
  An ooze (D:3)
  3 worms (D:2)
  A dart slug (D:1)
  2 leopard geckos
  8 orcs
  4 bats
  6 giant cockroaches
  6 goblins
  4 hobgoblins (D:1)
  A quokka (D:4)
  A ball python (D:3)
  5 frilled lizards
  7 kobolds
  4 rats
63 creatures vanquished.

Notes
Turn   | Place    | Note
-------+----------+-------------------------------------------
     0 | D:1      | Raybro228 the Gargoyle Monk began the quest for the Orb.
     0 | D:1      | Reached XP level 1. HP: 14/14 MP: 1/1
   122 | D:1      | Reached XP level 2. HP: 11/19 MP: 2/2
   647 | D:1      | Reached XP level 3. HP: 20/23 MP: 3/3
  1080 | D:2      | Reached skill level 4 in Unarmed Combat
  1289 | D:2      | Reached XP level 4. HP: 19/28 MP: 4/4
  1898 | D:3      | Noticed Osmon's ghost (amateur MiBe)
  2037 | D:3      | Found a basalt altar of Yredelemnul.
  2052 | D:3      | Reached skill level 5 in Unarmed Combat
  2052 | D:3      | Reached XP level 5. HP: 19/32 MP: 5/5
  2206 | D:3      | Noticed Grinder
  2223 | D:3      | Paralysed by Grinder for 6 turns
  2239 | D:3      | Killed Grinder
  2239 | D:3      | Reached skill level 6 in Unarmed Combat
  2239 | D:3      | Reached XP level 6. HP: 35/37 MP: 6/6
  3059 | D:4      | Reached skill level 7 in Unarmed Combat
  3466 | D:4      | Noticed Snailtan's ghost (amateur GrFi)
  3812 | D:4      | Slain by Snailtan's ghost

Skill      XL: |  1  2  3  4  5  6 |
---------------+-------------------+-----
Unarmed Combat | 4 5 6 7 |  7.1
Fighting       | |  3.3
Dodging        | |  2.8
Stealth        | |  2.2

Action                   |  1- 3 |  4- 6 || total
-------------------------+-------+-------++-------
Melee: Unarmed           |   163 |   175 ||   338
       Punch             |     2 |     5 ||     7
  Use: Scroll            |     1 |       ||     1
       Potion            |       |     2 ||     2
 Stab: Sleeping          |     2 |     2 ||     4
       Confused          |       |     5 ||     5
       Distracted        |       |     1 ||     1
  Eat: Chunk             |     1 |     1 ||     2
       Ration            |       |     2 ||     2
Armor: Robe              |    37 |    47 ||    84
       Skin              |       |     1 ||     1
Dodge: Dodged            |    92 |    86 ||   178
